 Dungeon Crawl Stone Soup version 0.29.1-15-g9cfb28693d (webtiles) character file.

Game seed: 271874233686502417

1735 fleeber the Carver (level 9, -3/71 HPs)
             Began as a Merfolk Gladiator on Feb 22, 2023.
             Slain by Duvessa
             ... wielding a +2 vampiric short sword
              (12 damage)
             ... on level 5 of the Dungeon on Feb 24, 2023.
             The game lasted 00:26:15 (5715 turns).

fleeber the Carver (Merfolk Gladiator)              Turns: 5715, Time: 00:26:16

Health: -3/71      AC: 10    Str: 17    XL:     9   Next: 5%
Magic:  11/11      EV: 18    Int:  8    God:
Gold:   297        SH:  0    Dex: 24    Spells: 9/11 levels left

rFire   . . .      SeeInvis .   h - +0 triple sword
rCold   . . .      Faith    .   (shield currently unavailable)
rNeg    . . .      Spirit   .   x - +1 leather armour of the Valley of Death {Str+3 Dex+5}
rPois   .          Reflect  .   A - +2 hat
rElec   .          Harm     .   p - +2 cloak
rCorr   .          Rampage  .   y - +0 pair of gloves
Will    +....                   (no boots)
Stlth   ++........              j - amulet of regeneration
HPRegen 1.01/turn               m - +4 ring of slaying
MPRegen 0.12/turn               E - ring of willpower

@: invisible
A: (nimble swimmer 2), mertail
a: no special abilities


You were on level 5 of the Dungeon.
You visited 1 branch of the dungeon, and saw 6 of its levels.

You collected 297 gold pieces.

Inventory:

Hand Weapons
 h - a +0 triple sword (weapon)
Missiles
 d - 3 throwing nets (quivered)
 e - 5 javelins
 s - 17 poisoned darts
Armour
 p - a +2 cloak (worn)
 x - the +1 leather armour of the Valley of Death (worn) {Str+3 Dex+5}
   (You found it on level 3 of the Dungeon)

   Str:       It affects your strength (+3).
   Dex:       It affects your dexterity (+5).
 y - a +0 pair of gloves (worn)
 A - a +2 hat (worn)
Jewellery
 j - an amulet of regeneration (around neck)
 m - a +4 ring of slaying (left hand)
 E - a ring of willpower (right hand)
Scrolls
 a - a scroll of torment {unknown}
 f - a scroll of noise {unknown}
 i - 2 scrolls of poison
 l - 3 scrolls of teleportation
 n - a scroll of immolation {unknown}
 r - a scroll of fog {unknown}
 t - a scroll of enchant weapon {unknown}
 B - a scroll of vulnerability {unknown}
 C - a scroll of magic mapping {unknown}
 D - a scroll of enchant armour {unknown}
Potions
 b - a potion of curing
 g - 2 potions of attraction
 k - 2 potions of lignification
 o - 4 potions of degeneration
 q - a potion of mutation {unknown}
 u - a potion of brilliance {unknown}
 v - a potion of might {unknown}
 w - 3 potions of flight
 z - a potion of cancellation {unknown}


   Skills:
 + Level 6.4 Fighting
 + Level 9.8 Long Blades
 - Level 2.0 Throwing
 + Level 8.3 Dodging
 + Level 1.5 Spellcasting
 + Level 1.3 Translocations


You had 9 spell levels left.
You knew the following spells:

 Your Spells              Type           Power      Damage    Failure   Level
a - Blink                 Tloc           4%         N/A       36%         2

Your spell library contained the following spells:

 Spells                   Type           Power      Damage    Failure   Level
 Magic Dart               Conj           0%         1d3       43%         1
 Necrotise                Necr           0%         1d4       43%         1
 Lesser Beckoning         Tloc           2%         N/A       61%         3
 Ignite Poison            Fire/Tmut/Pois 0%         N/A       80%         3
 Mephitic Cloud           Conj/Pois/Air  0%         N/A       80%         3
 Vampiric Draining        Necr           0%         2d6       80%         3
 Agony                    Necr           0%         N/A       100%        5
 Freezing Cloud           Conj/Ice/Air   0%         6-21      100%        5
 Manifold Assault         Tloc           2%         N/A       100%        5


Dungeon Overview and Level Annotations

Branches:
Dungeon (6/15)
 Temple: D:4-7

Altars:
Ashenzari
Elyvilon
Gozag
Hepliaklqana
Kikubaaqudgha
Nemelex Xobeh
Ru
Sif Muna
Uskayaw
Vehumet
Xom
Yredelemnul
Zin
The Shining One

Annotations:
D:3 exclusion: downstairs
D:5 1 runed translucent door, Duvessa


Innate Abilities, Weirdness & Mutations

((You are very nimble when in or above water. (Stealth+, EV+, Speed+++)))
Your lower body shifts to a powerful aquatic tail in water.


Message History

Duvessa hits you with a +2 vampiric short sword.
Things that are here:
a +0 dagger; a +0 robe You slash Duvessa!
Duvessa is moderately wounded.
Duvessa hits you with a +2 vampiric short sword!
Duvessa draws strength from your wounds!
Duvessa hits you with a +2 vampiric short sword!
Duvessa draws strength from your wounds!
You are too injured to fight recklessly!
You are too injured to fight recklessly!
You are too injured to fight recklessly!
You are too injured to fight recklessly!
You are too injured to fight recklessly!
You barely miss Duvessa.
Duvessa is lightly wounded.
Duvessa hits you with a +2 vampiric short sword.
Duvessa hits you but does no damage.
You hit Duvessa.
Duvessa is lightly wounded.
Duvessa hits you with a +2 vampiric short sword.
Duvessa draws strength from your wounds!
You barely miss Duvessa.
Duvessa is lightly wounded.
Duvessa hits you with a +2 vampiric short sword!
* * * LOW HITPOINT WARNING * * *
Duvessa closely misses you.
You feel better. Duvessa barely misses you.
Duvessa hits you with a +2 vampiric short sword!
Duvessa draws strength from your wounds!
You fade into invisibility!
Duvessa hits you with a +2 vampiric short sword!
* * * LOW HITPOINT WARNING * * *
You feel better. Duvessa barely misses you. Duvessa closely misses you.
You slash Duvessa!
Duvessa is moderately wounded.
Duvessa hits you with a +2 vampiric short sword!
* * * LOW HITPOINT WARNING * * *
Duvessa hits you with a +2 vampiric short sword!
You die...

###.# ### #......#######..
#)# #####.....#..## ##.
#.# #...#.###.....## #.
#.# ._.#.+p#.##...###. ###
#...#.###.####..... ###
#####.[.......#....
#.#######...............
###.....##...............
#...##..@e...............
#..รท##.......#..####.....
###.##.......##..#...###.
#......[..###.....## #.
##........####.....## #.
#.####.....##..##...# ##
#.# ##..##.....###..## #
#####..###..##.####..###
#.##.## #..##..####..##


You could see Duvessa (berserk, unable to see you).

Vanquished Creatures
  Grinder (D:3)
  Sigmund (D:4)
  A water moccasin (D:5)
  3 black bears
  2 ogres
  A phantom (D:6)
  A bullfrog (D:6)
  3 necrophages
  Dowan (D:5)
  2 howler monkeys
  3 jellies
  2 hounds
  2 iguanas
  2 orc wizards
  7 adders
  A white imp (D:5)
  A worm (D:2)
  2 dart slugs
  13 orcs
  5 endoplasms
  4 giant cockroaches
  3 goblins
  8 hobgoblins
  4 quokkas
  A ball python (D:1)
  7 bats
  3 frilled lizards (D:1)
  4 kobolds
  A kobold zombie (D:5)
  4 rats
93 creatures vanquished.

Vanquished Creatures (others)
  A fungus (D:3)
  5 plants
6 creatures vanquished.

Grand Total: 99 creatures vanquished

Notes
Turn   | Place    | Note
-------+----------+-------------------------------------------
     0 | D:1      | fleeber the Merfolk Gladiator began the quest for the Orb.
     0 | D:1      | Reached XP level 1. HP: 16/16 MP: 1/1
   200 | D:1      | Reached XP level 2. HP: 17/23 MP: 2/2
   201 | D:1      | Reached skill level 4 in Long Blades
  1058 | D:2      | Reached XP level 3. HP: 28/28 MP: 3/3
  1733 | D:3      | Identified the +1 leather armour of the Valley of Death
                  | {Str+3 Dex+5}
  1838 | D:3      | Noticed Grinder
  1886 | D:3      | Killed Grinder
  1887 | D:3      | Reached skill level 6 in Long Blades
  1887 | D:3      | Reached skill level 5 in Dodging
  1887 | D:3      | Reached XP level 4. HP: 11/37 MP: 4/4
  1887 | D:3      | Reached XP level 5. HP: 12/42 MP: 5/5
  1887 | D:3      | Reached XP level 6. HP: 14/48 MP: 6/6
  2069 | D:3      | Found a faded altar of an unknown god.
  2276 | D:4      | Noticed Sigmund
  2474 | D:4      | Found an opulent altar of Gozag.
  2553 | D:4      | Found a sacrificial altar of Ru.
  2766 | D:4      | Found a glowing golden altar of the Shining One.
  2912 | D:4      | Found a sparkling altar of Nemelex Xobeh.
  2958 | D:4      | Killed Sigmund
  2959 | D:4      | Reached skill level 7 in Long Blades
  2959 | D:4      | Reached XP level 7. HP: 29/55 MP: 7/7
  3372 | D:5      | Entered Level 5 of the Dungeon
  3372 | D:5      | Noticed Duvessa
  3506 | D:5      | Reached skill level 5 in Fighting
  3506 | D:5      | Reached skill level 8 in Long Blades
  3511 | D:5      | Reached XP level 8. HP: 48/62 MP: 8/8
  3569 | D:5      | Found a shimmering altar of Xom.
  3808 | D:5      | Noticed Dowan
  3814 | D:5      | Found an ancient bone altar of Kikubaaqudgha.
  3818 | D:5      | Found a shimmering blue altar of Sif Muna.
  3819 | D:5      | Found a radiant altar of Vehumet.
  3882 | D:4      | Reached skill level 9 in Long Blades
  3934 | D:5      | Learned a level 2 spell: Blink
  4035 | D:5      | Found a glowing silver altar of Zin.
  4099 | D:5      | Found a broken altar of Ashenzari.
  4163 | D:5      | Found a runed translucent door.
  4318 | D:5      | Found a basalt altar of Yredelemnul.
  4449 | D:5      | Got Vehumet's Directory of Conjury
  5054 | D:6      | Found a hide-covered altar of Uskayaw.
  5070 | D:6      | Reached skill level 1 in Spellcasting
  5082 | D:6      | Found a hazy altar of Hepliaklqana.
  5090 | D:6      | Found a white marble altar of Elyvilon.
  5103 | D:6      | Reached skill level 1 in Translocations
  5205 | D:6      | Reached XP level 9. HP: 70/70 MP: 9/11
  5706 | D:5      | Killed Dowan
  5715 | D:5      | Slain by Duvessa

Illustrated notes

Levels and vault maps discovered:
D:1:      dpeg_arrival_boxes_within_box, layout_basic
D:2:      layout_basic, minmay_hedge_maze, hangedman_abyss_or_decor_lesser_grid,
          minmay_misc_feat_secret_circle, chequers_serial_rivers_small_a,
          minivault_26, minivault_4, grunt_ministairs_4, minmay_between
D:3:      layout_rooms, shapermc_ecumenical_altar_hornbeckon, uniq_grinder
D:4:      layout_loops_ring, mainiacjoe_overflow_surrounded_room,
          kennysheep_mini_moat, tso_oasis_becter, grunt_gozag_breadcrumbs,
          nicolae_underground_beach, uniq_sigmund
D:5:      layout_layer_cave, grunt_temple_overflow_magic_moments,
          xom_teletrap_fun, dk_yredelemnul_ordeal,
          mainiacjoe_overflow_catch_the_wave, uniq_duvessa
D:6:      layout_loops_corners, gammafunk_temple_overflow_forgotten,
          nicolae_benzene_ring

Skill      XL: |  1  2  3  4  5  6  7  8 |
---------------+-------------------------+-----
Long Blades    | 4 6 7 8 9 |  9.8
Fighting       | 3 4 5 6 |  6.4
Dodging        | 5 6 8 |  8.3
Spellcasting   | 1 |  1.5
Translocations | 1 |  1.3
Throwing       | |  2.0

Action                   |  1- 3 |  4- 6 |  7- 9 || total
-------------------------+-------+-------+-------++-------
Melee: Long sword        |   125 |    60 |    78 ||   263
       Punch             |       |     1 |       ||     1
       Triple sword      |       |       |    32 ||    32
  Use: Potion            |     1 |     1 |     3 ||     5
       Scroll            |     1 |       |     5 ||     6
 Stab: Sleeping          |       |     2 |     2 ||     4
Armor: Leather armour    |    33 |    15 |    42 ||    90
       Ring mail         |     6 |       |       ||     6
Dodge: Dodged            |    92 |    40 |    73 ||   205
